 Dungeon Crawl Stone Soup version 0.31-a0-271-gb88eb75e06 (webtiles) character file.

Game seed: 16876794736593997554

125 LeprechaunX the Changeling (level 5, 0/35 HPs)
             Began as an Octopode Shapeshifter on July 14, 2023.
             Slain by an ogre
             ... wielding a +0 giant club
              (25 damage)
             ... on level 3 of the Dungeon.
             The game lasted 00:03:36 (1577 turns).

LeprechaunX the Changeling (Octopode Shapeshifter)  Turns: 1577, Time: 00:03:37

Health: 0/35       AC:  1    Str: 14    XL:     5   Next: 9%
Magic:  5/5        EV: 13    Int: 11    God:
Gold:   48         SH:  0    Dex: 14    Spells: 4/4 levels left

rFire   + .          .
                       - Unarmed
rCold   . . .        (no shield)
rNeg    . . .        (helmet currently unavailable)
rPois   .            (no amulet)
rElec   .            d - ring of protection from fire
rCorr   .            (no ring)
SInv    .            (no ring)
Will    .....        (no ring)
Stlth   ++           (no ring)
HPRegen 0.25/turn    (no ring)
MPRegen 0.09/turn    (no ring)
                     (no ring)

%: no passive effects
@: beast-form
A: beast (slay +2), almost no armour, amphibious, 8 rings, camouflage 1,
gelatinous body 1, (nimble swimmer 1), tentacles
a: Begin Untransformation


You were on level 3 of the Dungeon.
You were a hulking beast.
You visited 1 branch of the dungeon, and saw 3 of its levels.

You collected 48 gold pieces.

Inventory:

Jewellery
 d - a ring of protection from fire (left tentacle)
Talismans
 b - a beast talisman
Scrolls
 h - a scroll of blinking {unknown}
 i - a scroll of teleportation {unknown}
 j - 3 scrolls of poison {unknown}
Potions
 a - 2 potions of lignification
 c - a potion of invisibility {unknown}
 e - a potion of cancellation {unknown}
 f - a potion of attraction {unknown}
 g - 2 potions of heal wounds {unknown}
 k - 2 potions of haste {unknown}
 l - a potion of ambrosia {unknown}
 m - a potion of curing {unknown}
 n - a potion of mutation {unknown}


   Skills:
 + Level 2.6 Fighting
 + Level 2.6 Dodging
 * Level 3.4 Unarmed Combat
 * Level 3.7 Shapeshifting


You had 4 spell levels left.
You didn't know any spells.
Your spell library contained the following spells:

 Spells                   Type           Power      Damage    Failure   Level
 Static Discharge         Conj/Air       0%         2-2/arc   47%         2
 Airstrike                Air            0%         2d(0-16)  98%         4
 Summon Lightning Spire   Summ/Air       0%         N/A       98%         4


Dungeon Overview and Level Annotations

Branches:
Dungeon (3/15)

Altars:

Shops:
D:1 (


Innate Abilities, Weirdness & Mutations

You are a hulking beast.
Your limbs bulge with bestial killing power. (Slay +2)
You cannot wear most types of armour.
You are amphibious.
You can wear up to eight rings at the same time.
Your skin changes colour to match your surroundings (Stealth+).
Your rubbery body absorbs attacks. (AC +1, EV +1)
((You are camouflaged when in or above water. (Stealth+)))
You have tentacles for arms and can constrict up to eight enemies at once.


Message History

The giant cockroach barely misses you.
You tentacle-slap the giant cockroach.
You kill the giant cockroach!
You have reached level 5!
You feel clever.
You see here a giant cockroach corpse.
The giant cockroach bites you. The giant cockroach closely misses you.
You closely miss the giant cockroach. You grab the giant cockroach.
You squeeze the giant cockroach.
You kill the giant cockroach!
An ufetubus comes into view.
Found 13 gold pieces.
The ufetubus shouts!
A giant cockroach comes into view.
A rat comes into view.
You tentacle-slap the ufetubus. Your grab misses the ufetubus.
You squeeze the ufetubus.
The ufetubus is severely wounded.
The ufetubus hits you. x2
You tentacle-slap the ufetubus.
You kill the ufetubus!
The rat bites you.
You see here 13 gold pieces.
The rat misses you.
You barely miss the rat. Your grab misses the rat. The rat bites you.
You closely miss the rat. You grab the rat. You constrict the rat.
The giant cockroach bites you. The rat barely misses you.
You tentacle-slap the giant cockroach.
You kill the giant cockroach!
You constrict the rat.
You kill the rat!
An ogre comes into view. It is wielding a +0 giant club.
The ogre shouts!
The ogre closely misses you.
You barely miss the ogre. You squeeze the ogre.
The ogre is lightly wounded.
You tentacle-slap the ogre. You squeeze the ogre!
The ogre is severely wounded.
The ogre hits you with a +0 giant club!!
Ouch! That really hurt!
You die...

### ...# ## #.....
..## ###..#..##..####
##..#...#..#....#
..#...#...#..##.####
.#...#...#...#..h...#
...#...#...#...#O.#.#
.#...#...#...#...#...
...#...#...#...#...#.#
.#...#...#...#...#.#
..
...#.†.#...#...#...#
..
.#...#$..#...#...#.# .
...#...#...#...#....
.#...#...#...#...#.#.


You could see an ogre.

Vanquished Creatures
  Jessica (D:3)
  2 adders
  An ufetubus (D:3)
  A worm (D:2)
  3 dart slugs
  6 ball pythons
  5 bats
  4 endoplasms
  6 giant cockroaches
  5 goblins
  4 hobgoblins
  10 jackals
  2 kobolds (D:1)
  2 quokkas (D:2)
  2 frilled lizards (D:1)
  6 rats
60 creatures vanquished.

Notes
Turn   | Place    | Note
-------+----------+-------------------------------------------
     0 | D:1      | LeprechaunX the Octopode Shapeshifter began the quest for
                  | the Orb.
     0 | D:1      | Reached XP level 1. HP: 14/14 MP: 1/1
   103 | D:1      | Reached XP level 2. HP: 16/19 MP: 2/2
   174 | D:1      | Found a faded altar of an unknown god.
   258 | D:1      | Found Icuosite's Weapon Emporium.
   270 | D:1      | Reached XP level 3. HP: 24/24 MP: 3/3
  1145 | D:2      | Reached XP level 4. HP: 17/30 MP: 4/4
  1384 | D:3      | Noticed Jessica
  1392 | D:3      | Killed Jessica
  1551 | D:3      | Reached XP level 5. HP: 30/35 MP: 5/5
  1574 | D:3      | Noticed an ogre
  1577 | D:3      | Slain by an ogre

Illustrated notes

Levels and vault maps discovered:
D:1:      kennysheep_arrival_seaside, layout_rooms, serial_shops, shop,
          hellmonk_ecumenical_altar_dog_temple, hangedman_decor_clover_reticule
D:2:      layout_loops_ring, serial_rivers, chequers_serial_rivers_micro_d,
          chequers_serial_rivers_micro_e, chequers_serial_rivers_micro_b,
          chequers_serial_rivers_micro_a, dk_vineyard_2
D:3:      layout_rooms, portal_sewer_entry_a, hex_large, serial_bayou_pond_d,
          uniq_jessica

Skill      XL: |  1  2  3  4 |
---------------+-------------+-----
Unarmed Combat | 3 |  3.4
Fighting       | |  2.6
Dodging        | |  2.6
Shapeshifting  | |  3.7

Action                     |  1- 3 |  4- 6 || total
---------------------------+-------+-------++-------
  Melee: Unarmed           |    78 |    33 ||   111
         Constrict         |    25 |    11 ||    36
         Tentacles         |    18 |     8 ||    26
         Punch             |     1 |     3 ||     4
   Stab: Sleeping          |     4 |     1 ||     5
 Armour: Skin              |     8 |     2 ||    10
  Dodge: Dodged            |    59 |    13 ||    72

Table legend: (Time is in decaauts)
 A = Elapsed time spent in this place.
 B = Non-inter-level travel time spent in this place.
 C = Inter-level travel time spent in this place.
 D = Time resting spent in this place.
 E = Time spent auto-exploring this place.
 F = Levels seen in this place.
 G = Mean time per level.
                   A        B        C        D        E       F      G
               +--------+--------+--------+--------+--------+-----+--------+
         Total |   1569 |   1499 |     70 |     78 |   1079 |   3 |  523.0 |
       Dungeon |   1569 |   1499 |     70 |     78 |   1079 |   3 |  523.0 |
               +--------+--------+--------+--------+--------+-----+--------+

Top non-repeatable levels by time:
     D:2: 802 daAuts
     D:1: 567 daAuts
     D:3: 199 daAuts
